 Dungeon Crawl Stone Soup version 0.21.1-1-g345015fe64 (webtiles) character file.

3401 Evaline the Basher (level 10, -2/77 HPs)
             Began as a Formicid Monk on June 26, 2018.
             Was a Believer of Okawaru.
             Slain by an orc
             ... wielding a +0 trident
              (4 damage)
             ... on level 8 of the Dungeon.
             The game lasted 00:58:17 (10010 turns).

Evaline the Basher (Formicid Monk)                 Turns: 10010, Time: 00:58:18

Health: -2/77      AC: 21    Str: 19    XL:     10   Next: 24%
Magic:  8/10       EV: 10    Int: 10    God:    Okawaru [**....]
Gold:   313        SH:  0    Dex: 13    Spells: 9/9 levels left

rFire    . . .     SeeInvis +   w - +0 flail (venom)
rCold    . . .     Gourm    .   (no shield)
rNeg     . . .     Faith    .   J - +0 plate armour
rPois    .         Spirit   .   (helmet unavailable)
rElec    .         Reflect  .   I - +2 cloak
rCorr    .         Harm     .   x - +0 pair of gloves
MR       +....                  (no boots)
Stlth    ..........             (no amulet)
HPRegen  0.22/turn              H - ring of flight
MPRegen  0.12/turn              (no ring)

@: heroism
A: permanent stasis, dig shafts and tunnels, four strong arms, antennae 3
a: Dig, Shaft Self, Heroism, Renounce Religion, Evoke Flight


You were on level 8 of the Dungeon.
You worshipped Okawaru.
Okawaru was pleased with you.
You were near starving.

You visited 2 branches of the dungeon, and saw 9 of its levels.
You also visited: Ossuary.

You collected 313 gold pieces.

Inventory:

Hand Weapons
 a - a +3 whip of electrocution
 b - a +0 hunting sling
 q - a +2 hand axe of chopping
 w - a +0 flail of venom (weapon)
 E - a +0 blowgun
 G - a +0 halberd of flaming
 K - a +2 mace of crushing
Missiles
 f - 149 stones
 g - 2 curare-tipped needles
 l - 3 tomahawks (quivered)
 n - 83 sling bullets
 F - 28 poisoned needles
Armour
 e - a +2 leather armour of fire resistance
 x - a +0 pair of gloves (worn)
 I - a +2 cloak (worn)
 J - a +0 plate armour (worn)
 M - a +0 leather armour of poison resistance
Jewellery
 H - a ring of flight (left hand)
Wands
 o - a wand of paralysis (10)
 C - a wand of flame (32)
 L - a wand of clouds (7)
Scrolls
 d - 7 scrolls of teleportation
 i - a scroll of holy word {unknown}
 j - 8 scrolls of identify
 m - 6 scrolls of remove curse
 t - 4 scrolls of random uselessness
 u - a scroll of enchant weapon
 v - 2 scrolls of fear
 y - a scroll of fog {unknown}
 A - a scroll of noise {unknown}
 D - a scroll of enchant armour {unknown}
Potions
 h - 7 potions of curing
 k - 4 potions of haste
 p - 2 potions of heal wounds
 s - 3 potions of brilliance
 z - 2 potions of might
 B - a potion of berserk rage
Comestibles
 c - 16 rations


   Skills:
 + Level 6.5(11.5) Fighting
 + Level 0.4(10.6) Axes
 * Level 9.1(14.1) Maces & Flails
 + Level 5.3(10.4) Slings
 + Level 1.1(8.2) Throwing
 * Level 8.3(13.3) Armour
 + Level 3.5(8.5) Dodging
 - Level 2.4(7.4) Stealth


You had 9 spell levels left.
You didn't know any spells.

Dungeon Overview and Level Annotations

Branches:
Dungeon (8/15)             Temple (1/1) D:7
   Lair: D:8-11

Altars:
Ashenzari
Cheibriados
Dithmenos
Elyvilon
Gozag
Hepliaklqana
Kikubaaqudgha
Makhleb
Okawaru
Qazlal
Ru
Sif Muna
Trog
Uskayaw
Vehumet
Wu Jian
Xom
Yredelemnul
Zin
The Shining One

Shops:
D:8 ?

Annotations:
D:6 Hostiles(Y) - Confined
D:8 Pikel


Innate Abilities, Weirdness & Mutations

You cannot be hasted, slowed, berserked, paralysed or teleported.
You can dig through walls and to a lower floor.
Your four strong arms can wield two-handed weapons with a shield.
You have a pair of large antennae on your head. (SInv)


Message History

The puff of frost hits you!
A hound zombie comes into view.
Your plate armour prevents you from hitting the orc wizard.
The two-headed ogre barely misses you.
The two-headed ogre hits you with a giant club.
* * * LOW HITPOINT WARNING * * *
You gain the combat prowess of a mighty hero.
The orc hits you but does no damage.
The two-headed ogre hits you with a giant club!
* * * LOW HITPOINT WARNING * * *
The two-headed ogre barely misses you.
Okay, then.
You hit the two-headed ogre.
The two-headed ogre is poisoned.
The two-headed ogre is almost dead.
The orc hits you but does no damage.
Your plate armour prevents you from hitting the two-headed ogre.
The two-headed ogre is almost dead.
The orc wizard looks encouraged for a moment.
The orc hits you from afar with a trident.
You die...

...∩.((.........
...
####....#...#####
# ..
..$....{.o....)..
.. ..
.####..{.#.[[###
... .##
#.######o...
..#.. ####{#
#....


oor #..{.# #.... #Z###o#.##.# #.... #o@Ooa.....# #.... #####........ #....
######### #.... ##### { You could see a two-headed ogre, a worker ant, 2 orc
wizards, 3 orcs, a hound zombie and a quokka.

Vanquished Creatures
  Joseph (D:7)
  A yak (D:7)
  3 hogs (D:7)
  A human (D:7)
  An ice beast (D:5)
  3 orc warriors
  2 sky beasts
  2 ogres
  A necrophage (D:7)
  A centaur (D:6)
  A big kobold (D:5)
  2 bullfrogs (D:7)
  A howler monkey (D:5)
  A crimson imp (D:7)
  A bullfrog zombie (D:5)
  3 orc priests
  Crazy Yiuf (D:6)
  A gnoll shaman (D:4)
  13 orc wizards
  A hound (D:8)
  A centaur skeleton (D:5)
  3 worker ants
  3 big kobold zombies (Ossuary)
  A hound zombie (D:7)
  2 hound skeletons
  3 mummies (Ossuary)
  9 gnolls
  A howler monkey skeleton (D:8)
  11 adders
  2 shadow imps
  An ooze (D:2)
  2 adder skeletons (D:7)
  4 worms
  2 dart slugs
  8 leopard geckos
  30 orcs
  2 ball pythons
  5 giant cockroaches
  9 goblins
  4 hobgoblins
  14 jackals
  15 kobolds
  A quokka (D:4)
  6 bats
  7 frilled lizards
  2 hobgoblin zombies (Ossuary)
  A jackal zombie (D:7)
  A leopard gecko skeleton (D:7)
  A leopard gecko zombie (D:5)
  A quokka zombie (D:5)
  5 rats
198 creatures vanquished.

Vanquished Creatures (others)
  A mummy (Ossuary)
1 creature vanquished.

Grand Total: 199 creatures vanquished

Notes
Turn   | Place    | Note
-------+----------+-------------------------------------------
     0 | D:1      | Evaline the Formicid Monk began the quest for the Orb.
     0 | D:1      | Reached XP level 1. HP: 18/18 MP: 1/1
   262 | D:1      | Reached XP level 2. HP: 24/24 MP: 2/2
   703 | D:1      | Reached skill level 1 in Armour
   736 | D:1      | Reached XP level 3. HP: 29/29 MP: 3/3
   966 | D:1      | HP: 1/29 [poisoned by an adder]
  1215 | D:2      | Reached XP level 4. HP: 37/37 MP: 4/4
  1663 | D:2      | Reached skill level 1 in Slings
  2050 | D:2      | Reached skill level 4 in Maces & Flails
  2050 | D:2      | Reached XP level 5. HP: 38/42 MP: 5/5
  2091 | D:2      | Found a burning altar of Makhleb.
  2486 | D:3      | Found a deep blue altar of Sif Muna.
  3472 | D:4      | Reached XP level 6. HP: 48/48 MP: 6/6
  3606 | D:4      | Found an opulent altar of Gozag.
  4203 | D:4      | Reached XP level 7. HP: 20/54 MP: 7/7
  5103 | D:5      | Entered Level 5 of the Dungeon
  5279 | D:5      | Reached skill level 5 in Maces & Flails
  5397 | D:5      | Reached XP level 8. HP: 41/61 MP: 8/8
  5714 | D:5      | Reached skill level 5 in Fighting
  5714 | D:5      | Reached skill level 5 in Armour
  6581 | D:6      | Reached skill level 6 in Maces & Flails
  6785 | D:6      | Found a transporter.
  6794 | D:6      | Found a transporter.
  7005 | D:6      | Reached XP level 9. HP: 68/68 MP: 9/9
  7090 | D:6      | Found a runed door.
  7269 | D:6      | Noticed Crazy Yiuf
  7277 | D:6      | Killed Crazy Yiuf
  7395 | D:7      | Found a sacrificial altar of Ru.
  7526 | D:7      | Noticed Joseph
  7536 | D:7      | Reached skill level 7 in Maces & Flails
  7557 | D:7      | Killed Joseph
  7557 | D:7      | Reached skill level 5 in Slings
  7557 | D:7      | Reached skill level 1 in Throwing
  7955 | D:7      | Reached skill level 8 in Maces & Flails
  8290 | D:7      | Reached XP level 10. HP: 32/76 MP: 10/10
  8325 | D:7      | Reached skill level 9 in Maces & Flails
  8743 | D:7      | Found a staircase to the Ecumenical Temple.
  8752 | Temple   | Entered the Ecumenical Temple
  8857 | Temple   | Became a worshipper of Warmaster Okawaru
  8857 | Temple   | Reached * piety under Okawaru
  8857 | Temple   | Reached ** piety under Okawaru
  9281 | D:8      | Noticed Pikel
  9334 | D:8      | Noticed a two-headed ogre
  9344 | D:8      | Found a sand-covered staircase.
  9352 | Ossuary  | Entered an ossuary
  9994 | D:8      | Found Rudinkur's Magic Scroll Shoppe.
 10008 | D:8      | HP: 2/77 [two-headed ogre/giant club (8)]
 10010 | D:8      | Slain by an orc

Skill      XL: |  1  2  3  4  5  6  7  8  9 10 |
---------------+-------------------------------+-----
Armour         | 1 2 3 4 5 7 8 |  8.3
Slings         | 1 2 3 4 5 |  5.3
Maces & Flails | 4 5 6 8 9 |  9.1
Fighting       | 4 5 6 |  6.5
Dodging        | 3 |  3.5
Throwing       | 1 |  1.1
Axes           | |  0.4
Stealth        | |  2.4

Action                   |  1- 3 |  4- 6 |  7- 9 | 10-12 || total
-------------------------+-------+-------+-------+-------++-------
Melee: Mace              |   103 |    51 |       |       ||   154
       Flail             |       |   153 |   115 |    17 ||   285
       Hand axe          |       |    12 |       |       ||    12
       Whip              |       |       |   215 |   103 ||   318
       Halberd           |       |       |    18 |     5 ||    23
 Fire: Hunting sling     |     2 |    79 |    59 |    25 ||   165
Throw: Stone             |       |     2 |       |       ||     2
       Tomahawk          |       |       |    12 |     4 ||    16
Invok: Heroism           |       |       |       |     1 ||     1
  Use: Potion            |     1 |       |     2 |       ||     3
       Scroll            |       |       |       |    13 ||    13
 Stab: Paralysed         |       |       |     2 |       ||     2
  Eat: Chunk             |     1 |    10 |    13 |       ||    24
       Ration            |       |       |       |     1 ||     1
Armor: Ring mail         |    32 |       |       |       ||    32
       Chain mail        |    21 |   139 |    83 |       ||   243
       Plate armour      |       |       |   106 |    62 ||   168
Dodge: Dodged            |    75 |   124 |   130 |    36 ||   365
